 Dungeon Crawl Stone Soup version 0.22-a0-785-g6253c82ace (webtiles) character file.

362311 RedPan the Hoplite (level 23, -10/161 HPs)
             Began as a Halfling Monk on July 20, 2018.
             Was the Champion of Okawaru.
             Killed from afar by a titan (59 damage)
             ... with a bolt of lightning
             ... on level 5 of the Vaults.
             The game lasted 02:04:18 (58745 turns).

RedPan the Hoplite (Halfling Monk)                 Turns: 58745, Time: 02:04:18

Health: -10/161    AC: 46    Str: 24    XL:     23   Next: 51%
Magic:  26/28      EV: 22    Int:  9    God:    Okawaru [******]
Gold:   3035       SH: 22    Dex: 20    Spells: 13/22 levels left

rFire    + . .     SeeInvis +   l - +9 demon blade (flame)
rCold    . . .     Gourm    .   R - +2 shield {reflect}
rNeg     + + .     Faith    .   j - +4 crystal plate armour of Egegoidgh {Str+6}
rPois    .         Spirit   .   o - +2 helmet
rElec    .         Reflect  +   y - +2 cloak of Afout {rN++}
rCorr    .         Harm     .   m - +1 pair of gloves
MR       +....                  i - +2 pair of boots of the Assassin {Detection Stab+ Stlth++}
Stlth    +.........             U - amulet of regeneration
HPRegen  0.76/turn              L - ring of see invisible
MPRegen  0.21/turn              k - ring of protection from fire

@: heroism
A: small, mutation resistance 1
}: 2/15 runes: decaying, serpentine
a: Heroism, Finesse, Renounce Religion


You were on level 5 of the Vaults.
You worshipped Okawaru.
Okawaru was exalted by your worship.
You were not hungry.

You visited 7 branches of the dungeon, and saw 37 of its levels.
You visited 2 bazaars.
You also visited: Labyrinth and Ice Cave.

You collected 4525 gold pieces.
You spent 1490 gold pieces at shops.

Inventory:

Hand Weapons
 l - a +9 demon blade of flaming (weapon)
 x - the +7 scimitar of an ice cave {pain, +Fly Str-2 Dex-2 SInv}
   (Okawaru gifted it to you on level 3 of the Lair of Beasts)

   In the hands of one skilled in necromantic magic, it inflicts extra damage on
   living creatures.
   It affects your strength (-2).
   It affects your dexterity (-2).
   It lets you see invisible.
   It lets you fly.
Missiles
 I - a throwing net (quivered)
Armour
 i - the +2 pair of boots of the Assassin (worn) {Detection Stab+ Stlth++}
   (You acquired it in a bazaar)

   It makes you much more stealthy.
 j - the +4 crystal plate armour of Egegoidgh (worn) {Str+6}
   (Okawaru gifted it to you on level 11 of the Dungeon)

   It affects your strength (+6).
 m - a +1 pair of gloves (worn)
 o - a +2 helmet (worn)
 y - the +2 cloak of Afout (worn) {rN++}
   (You found it on level 5 of the Vaults)

   It greatly protects you from negative energy.
 H - a +0 pair of boots of flying
 R - a +2 shield of reflection (worn)
 V - a scarf of repulsion
Jewellery
 a - an uncursed ring of protection from cold
 k - a ring of protection from fire (right hand)
 A - an uncursed ring of poison resistance
 G - an uncursed ring of protection from magic
 L - a ring of see invisible (left hand)
 O - the ring "Kywid" {rCorr +Inv rC+ Dex+3}
   (You took it off a minotaur in a labyrinth)

   [ring of resist corrosion]

   It affects your dexterity (+3).
   It protects you from cold.
   It lets you turn invisible.
 U - an amulet of regeneration (around neck)
Wands
 h - a wand of clouds (5)
 u - a wand of polymorph (40)
 w - a wand of iceblast (25)
 D - a wand of disintegration (21)
 J - a wand of digging (23)
 Q - a wand of acid (54)
Scrolls
 d - 20 scrolls of teleportation
 p - 14 scrolls of identify
 t - 5 scrolls of blinking
 z - 2 scrolls of fear
 F - 8 scrolls of amnesia
 M - 6 scrolls of remove curse
 S - 3 scrolls of summoning
 T - 8 scrolls of magic mapping
 X - a scroll of holy word
 Y - 4 scrolls of brand weapon
 Z - 4 scrolls of fog
Potions
 b - 7 potions of brilliance
 e - 5 potions of mutation
 f - a potion of berserk rage
 g - 4 potions of magic
 n - 13 potions of curing
 q - a potion of ambrosia
 r - 6 potions of heal wounds
 s - a potion of agility
 v - 6 potions of haste
 B - 3 potions of invisibility
 E - 7 potions of flight
 K - 3 potions of lignification
 N - 4 potions of might
 P - 2 potions of cancellation
Comestibles
 c - 46 rations
 C - 19 chunks of flesh


   Skills:
 + Level 14.3(19.3) Fighting
   Level 10.0(19.6) Short Blades
 - Level 14.8(20.5) Long Blades
 + Level 16.8(21.8) Armour
 + Level 16.5(21.5) Dodging
 - Level 9.2(14.2) Stealth
 * Level 21.5(26.5) Shields
 - Level 6.6 Charms
 - Level 5.0 Ice Magic
 - Level 7.0 Invocations
 - Level 3.0 Evocations


You had 13 spell levels left.
You knew the following spells:

 Your Spells              Type           Power        Failure   Level  Hunger
a - Ozocubu's Armour      Chrm/Ice       ##......     83%         3    ####...
b - Invisibility          Hex            #.......     100%        6    #######

Your spell library contained the following spells:

 Spells                   Type           Power        Failure   Level  Hunger
 Cause Fear               Hex            #.........   100%        4    #####..
 Magic Dart               Conj           #...         99%         1    ##.....
 Apportation              Tloc           #.....       99%         1    ##.....
 Bolt of Magma            Conj/Fire/Erth #.........   100%        5    ######.
 Slow                     Hex            #.......     100%        2    ###....
 Throw Frost              Conj/Ice       #.....       96%         2    ###....
 Controlled Blink         Tloc           N/A          100%        8    #######
 Venom Bolt               Conj/Pois      #.........   100%        5    ######.
 Blink                    Tloc           N/A          100%        2    ###....
 Iskenderun's Mystic Bla  Conj           #.......     100%        4    #####..
 Animate Dead             Necr           N/A          100%        4    #####..
 Pain                     Necr           #...         99%         1    ##.....
 Animate Skeleton         Necr           N/A          99%         1    ##.....
 Vampiric Draining        Necr           #.........   100%        3    ####...
 Freeze                   Ice            #...         56%         1    ##.....
 Sticky Flame             Conj/Fire      #.......     100%        4    #####..
 Summon Ice Beast         Ice/Summ       #.......     100%        4    #####..
 Regeneration             Chrm/Necr      #.........   99%         3    ####...
 Tukima's Dance           Hex            #.......     100%        3    ####...
 Iron Shot                Conj/Erth      #.........   100%        6    #######
 Spider Form              Tmut/Pois      #.........   100%        3    ####...
 Blade Hands              Tmut           #.........   100%        5    ######.
 Ice Form                 Ice/Tmut       #.......     100%        4    #####..
 Throw Icicle             Conj/Ice       #.......     100%        4    #####..
 Shadow Creatures         Summ           N/A          100%        6    #######
 Sticks to Snakes         Tmut           #.......     100%        2    ###....
 Ensorcelled Hibernation  Hex/Ice        #.....       96%         2    ###....
 Summon Butterflies       Summ           #.......     99%         1    ##.....
 Silence                  Hex/Air        #.........   100%        5    ######.
 Dispersal                Tloc           #.........   100%        6    #######
 Corona                   Hex            #......      99%         1    ##.....
 Alistair's Intoxication  Tmut/Pois      #.......     100%        5    ######.
 Lee's Rapid Deconstruct  Erth           #.........   100%        5    ######.
 Portal Projectile        Hex/Tloc       #.....       100%        3    ####...
 Passage of Golubria      Tloc           N/A          100%        4    #####..
 Orb of Destruction       Conj           #.........   100%        7    #######
 Leda's Liquefaction      Hex/Erth       #.........   100%        4    #####..
 Darkness                 Hex            #.........   100%        6    #######
 Inner Flame              Hex/Fire       #.......     100%        3    ####...
 Beastly Appendage        Tmut           #.....       99%         1    ##.....
 Disjunction              Tloc           #.........   100%        8    #######
 Iskenderun's Battlesphe  Conj/Chrm      #.......     100%        5    ######.
 Fulminant Prism          Conj/Hex       #.........   100%        4    #####..
 Dazzling Spray           Conj/Hex       #.....       100%        3    ####...
 Force Lance              Conj/Tloc      #.......     100%        4    #####..
 Searing Ray              Conj           #.....       100%        2    ###....
 Spellforged Servitor     Conj/Summ      #.........   100%        7    #######
 Gell's Gravitas          Tloc           #.........   100%        3    ####...
 Lesser Beckoning         Tloc           #.........   100%        3    ####...
 Borgnjor's Vile Clutch   Necr/Erth      #.........   100%        5    ######.


Dungeon Overview and Level Annotations

Branches:
Dungeon (15/15)            Temple (1/1) D:4            Lair (6/6) D:11
  Swamp (4/4) Lair:4        Snake (4/4) Lair:3        Slime (0/5) Lair:6
    Orc (2/2) D:12            Elf (0/3) Orc:2        Vaults (5/5) D:14
  Crypt (0/3) Vaults:2     Depths (0/5) D:15

Altars:
Ashenzari
Cheibriados
Dithmenos
Elyvilon
Fedhas
Gozag
Hepliaklqana
Kikubaaqudgha
Makhleb
Nemelex Xobeh
Okawaru
Qazlal
Ru
Sif Muna
Trog
Uskayaw
Vehumet
Wu Jian
Xom
Yredelemnul
Zin
The Shining One

Shops:
D:5 ?   D:7 ?   D:12 [   Orc:1 (   Orc:2 [(?}%   Snake:1 (

Portals:
Hell: Lair:6
Pandemonium: Orc:2
Trove: D:10 (give 11 potions of heal wounds)


Innate Abilities, Weirdness & Mutations

You are small and have problems with some larger weapons.
You are somewhat resistant to further mutation.


Message History

The titan is severely wounded.
An ettin comes into view. It is wielding two dire flails.
You slice the titan!! You burn the titan.
The titan is almost dead.
The titan completely misses you. You block the stone giant's attack.
You block the deep elf demonologist's attack.
Some of the chunks of flesh in your inventory have rotted away.
You gain the combat prowess of a mighty hero.
The tormentor calls on the powers of darkness!
The deep elf demonologist convulses!
The stone giant convulses! x2
The titan convulses!
Your body is wracked with pain!
The titan waves its arms in wide circles.
The air twists around and strikes you! You block the stone giant's attack.
You block the deep elf demonologist's attack.
You hit the titan but do no damage.
The titan is almost dead.
You block the stone giant's attack. The titan casts a spell at you.
The bolt of lightning hits you!
You die...

..# .## )..". ..# ..# . ?.( .
...#..# ..# ..##.. ... ..
#..##..# ..# ...##.. ...
..##...##..# ..##...
#...###.###...#....##..# ..#).#
#.....C.....##..#..#..# ..#%.#
.##...2e{.C.##...#..#..#
..#..##...#####C#####...##..#..#
[)#............C@..)........#.)#
.......##.............##....)(.#
...)#######################....#
....(.(..รท(....................#
..................(........(...#
################################


You could see a titan, a stone giant, an ettin, a deep elf demonologist and a
tormentor.

Vanquished Creatures
  Saint Roka (Snake:2)
  Bai Suzhen (Snake:4)
  Jory (Vaults:4)
  A tentacled monstrosity (Swamp:3)
  A lich (Vaults:5)
  A titan (Vaults:5)
  Gastronok (D:8)
  3 thorn hunters (Swamp:4)
  A storm dragon (Vaults:3)
  Kirke (Swamp:2)
  A tengu reaver (Vaults:5)
  11 nagarajas
  Donald (Orc:2)
  2 frost giants
  12 vault wardens
  3 fire giants
  A deep elf sorcerer (Vaults:2)
  Louise (Snake:4)
  Aizul (Snake:3)
  2 ghouls
  12 ironheart preservers
  5 very ugly things
  3 entropy weavers
  6 stone giants
  A deep elf demonologist (Vaults:4)
  A white draconian (IceCv)
  A minotaur (Lab)
  3 deep elf annihilators
  2 deep elf death magi
  7 ettins
  2 deep elf high priests (Vaults:4)
  4 fire dragons
  Josephine (Lair:5)
  A small abomination (Vaults:2)
  9 yaktaur captains
  26 vault guards
  Erolcha (D:12)
  A rakshasa (Vaults:2)
  3 ice dragons
  2 ghost crabs (Swamp:2)
  3 great orbs of eyes
  18 naga warriors
  36 hydras
  4 ogre magi
  20 two-headed ogres
  7 centaur warriors
  8 death knights
  3 deep troll shamans
  14 alligators
  9 anacondas
  4 death yaks
  9 orc high priests
  3 naga sharpshooters
  A tengu warrior (D:14)
  Urug (Orc:1)
  2 deep troll earth magi
  2 sun demons
  4 deep elf knights
  3 shock serpents
  A soul eater (Orc:2)
  A shadow wraith (Vaults:4)
  The ghost of motoroller71 the Shield-Bearer, a novice GnFi of Makhleb (D:9)
  2 salamander mystics
  7 sea snakes (Snake:4)
  13 skeletal warriors
  3 unseen horrors
  8 deep trolls
  2 glowing orange brains
  10 swamp dragons
  2 naga ritualists
  3 flayed ghosts (Vaults:4)
  2 lindwurms
  A spriggan druid (Swamp:3)
  7 wizards
  10 phantasmal warriors
  2 gelid demonspawn (Orc:2)
  5 harpies (Vaults:2)
  Pikel (D:8)
  2 necromancers
  5 deep elf archers
  3 shambling mangroves
  3 wolf spiders
  9 ironbrand convokers
  6 mana vipers
  19 orc knights
  A wolf spider zombie (D:15)
  13 salamanders
  9 deep elf magi
  15 ugly things
  7 orc sorcerers
  9 cyclopes
  A black mamba (shapeshifter) (Vaults:3)
  12 guardian serpents
  Maurice (Orc:1)
  A centaur zombie (D:15)
  A rust devil (Orc:2)
  4 frost giant skeletons
  9 elephants
  An ice statue (IceCv)
  12 naga magi
  A smoke demon (Lair:6)
  3 stone giant skeletons
  7 vault sentinels
  A torpor snail (Lair:4)
  25 black mambas
  A guardian serpent (shapeshifter) (Vaults:2)
  2 orange demons (Lair:6)
  16 spiny frogs
  A gargoyle (D:14)
  6 centaur skeletons
  A kobold demonologist (D:14)
  7 rime drakes
  9 komodo dragons
  32 yaktaurs
  7 freezing wraiths
  A hellwing (Orc:2)
  2 ice devils (Lair:6)
  2 red devils
  5 human skeletons
  A wind drake (shapeshifter) (Vaults:3)
  6 trolls
  13 polar bears
  12 hornets
  12 tyrant leeches
  46 blink frogs
  A blink frog (shapeshifter) (Vaults:4)
  7 hippogriffs
  A hornet (shapeshifter) (Vaults:1)
  24 slime creatures
  6 bog bodies
  A vampire (D:13)
  A spriggan (shapeshifter) (Vaults:3)
  A shadow (D:11)
  7 wraiths
  2 redbacks (Vaults:3)
  A yak (shapeshifter) (Vaults:2)
  74 yaks
  9 spriggans
  8 wyverns
  A basilisk (D:14)
  2 hogs (Swamp:2)
  A human (shapeshifter) (D:14)
  3 hungry ghosts
  A steam dragon (D:13)
  A human simulacrum (Vaults:1)
  27 vampire mosquitoes
  Grum (D:8)
  A chaos spawn (Orc:2)
  A yaktaur simulacrum (Vaults:4)
  26 insubstantial wisps
  7 wargs
  17 swamp worms
  A naga (shapeshifter) (Vaults:2)
  51 nagas
  13 water moccasins
  2 acid dragons (Vaults:1)
  7 porcupines
  4 hell hounds (Lair:6)
  9 swamp drakes
  8 ice beasts
  An orc zombie (Vaults:1)
  5 phantoms
  A hornet zombie (D:14)
  62 orc warriors
  4 sky beasts
  3 black bears
  A human zombie (Vaults:1)
  An elf zombie (Vaults:4)
  3 necrophages
  4 centaurs
  5 eyes of draining
  22 ogres
  9 boggarts
  An elf skeleton (Vaults:2)
  25 wolves
  12 crocodiles
  4 big kobolds (D:14)
  12 bullfrogs
  A wyvern skeleton (D:13)
  A water moccasin zombie (D:5)
  8 scorpions
  3 wights (D:10)
  2 howler monkeys (D:9)
  2 electric eels (Lair:3)
  6 crimson imps
  6 jellies
  2 quasits
  Crazy Yiuf (D:4)
  30 orc priests
  A bullfrog skeleton (D:9)
  7 hounds
  17 orc wizards
  7 worker ants
  An iguana (D:8)
  A killer bee zombie (D:3)
  A hound zombie (D:8)
  A hound skeleton (D:4)
  A worker ant zombie (D:11)
  A gnoll (D:5)
  3 howler monkey skeletons
  10 adders
  5 shadow imps
  4 oozes
  4 adder zombies
  A worm (D:5)
  6 leopard geckos
  123 orcs
  2 ball pythons
  6 giant cockroaches
  3 hobgoblins
  6 jackals
  2 quokkas (D:3)
  2 bats
  A frilled lizard (D:2)
  5 goblins
  A jackal skeleton (D:4)
  12 kobolds
  A leopard gecko skeleton (D:4)
  A leopard gecko zombie (D:7)
  A quokka skeleton (D:5)
  A quokka zombie (D:5)
  3 rats
  A spectral orc (D:6)
  2 briar patches (Swamp:4)
1540 creatures vanquished.

Vanquished Creatures (others)
  2 naga sharpshooters
  A swamp dragon (Swamp:3)
  A deep elf archer (D:14)
  A cyclops (Vaults:1)
  A vault sentinel (Vaults:3)
  A naga mage (Snake:4)
  14 yaktaurs
  A hornet (Swamp:2)
  A tyrant leech (Swamp:2)
  A redback (Vaults:4)
  A human (Swamp:2)
  An orc warrior (Vaults:5)
  An ogre (Vaults:3)
  A centaur (D:13)
  5 orcs
  A kobold (D:14)
  2 briar patches (Swamp:4)
  A bush (Lair:3)
  10 fungi
  7 plants
54 creatures vanquished.

Grand Total: 1594 creatures vanquished

Notes
Turn   | Place    | Note
-------+----------+-------------------------------------------
     0 | D:1      | RedPan the Halfling Monk began the quest for the Orb.
     0 | D:1      | Reached XP level 1. HP: 15/15 MP: 1/1
   208 | D:1      | Reached XP level 2. HP: 20/20 MP: 2/2
   927 | D:2      | Reached XP level 3. HP: 25/25 MP: 3/3
  1144 | D:2      | Reached skill level 5 in Short Blades
  1144 | D:2      | Reached XP level 4. HP: 25/30 MP: 4/4
  1350 | D:2      | Noticed a centaur
  1365 | D:2      | Killed a centaur
  1365 | D:2      | Reached XP level 5. HP: 23/35 MP: 5/5
  2076 | D:3      | Found a sparkling altar of Nemelex Xobeh.
  2113 | D:3      | Found an ornate altar of the Wu Jian Council.
  2222 | D:3      | Found a hide-covered altar of Uskayaw.
  2354 | D:3      | Reached XP level 6. HP: 41/41 MP: 6/6
  2396 | D:3      | Found a white marble altar of Elyvilon.
  2492 | D:3      | Found an opulent altar of Gozag.
  2983 | D:4      | Noticed a phantom
  2993 | D:4      | Noticed a phantom
  2996 | D:4      | Reached skill level 5 in Dodging
  3018 | D:4      | Reached skill level 1 in Armour
  3047 | D:4      | Killed a phantom
  3047 | D:4      | Reached XP level 7. HP: 38/45 MP: 7/7
  3342 | D:4      | Reached XP level 8. HP: 51/51 MP: 8/8
  3913 | D:4      | Found a staircase to the Ecumenical Temple.
  4002 | D:4      | Found a runed door.
  4116 | D:4      | Noticed Crazy Yiuf
  4132 | D:4      | Killed Crazy Yiuf
  4170 | D:5      | Entered Level 5 of the Dungeon
  4619 | D:5      | Found a snail-covered altar of Cheibriados.
  4619 | D:5      | Found a shimmering altar of Xom.
  4619 | D:5      | Found a glowing golden altar of the Shining One.
  4766 | Temple   | Entered the Ecumenical Temple
  4993 | Temple   | Became a worshipper of Warmaster Okawaru
  4993 | Temple   | Reached * piety under Okawaru
  4993 | Temple   | Reached ** piety under Okawaru
  5123 | D:5      | Reached XP level 9. HP: 55/55 MP: 9/9
  5147 | D:5      | Reached skill level 10 in Short Blades
  5159 | D:5      | Reached skill level 1 in Evocations
  5177 | D:5      | Found Seeqaph's Magic Scroll Shoppe.
  5188 | D:5      | Bought a scroll of identify for 24 gold pieces
  5188 | D:5      | Bought a scroll of identify for 24 gold pieces
  5273 | D:5      | Reached skill level 5 in Armour
  5437 | D:5      | Found an ancient bone altar of Kikubaaqudgha.
  5459 | D:6      | Learned a level 3 spell: Ozocubu's Armour
  5472 | D:6      | Got a steaming trident
  5474 | D:6      | Identified the cursed +2 trident "Neetwere" {venom, Dex+3} (You found it on level 6 of the Dungeon)
  5644 | D:6      | Found a bloodstained altar of Trog.
  5655 | D:6      | Reached skill level 1 in Charms
  5986 | D:6      | Found a basalt altar of Yredelemnul.
  6398 | D:7      | Found Luylacs's Magic Scroll Emporium.
  6401 | D:7      | Bought a scroll of remove curse for 39 gold pieces
  6566 | D:7      | Found a radiant altar of Vehumet.
  6626 | D:7      | Reached *** piety under Okawaru
  7033 | D:7      | Reached skill level 1 in Invocations
  7454 | D:8      | Reached XP level 10. HP: 59/61 MP: 12/12
  7623 | D:8      | Reached skill level 1 in Ice Magic
  7624 | D:8      | Noticed Grum
  7633 | D:8      | Killed Grum
  7894 | D:8      | Found a burning altar of Makhleb.
  8099 | D:8      | Noticed Pikel
  8133 | D:8      | Killed Pikel
  8133 | D:8      | Reached **** piety under Okawaru
  8273 | D:8      | Noticed Gastronok
  8323 | D:8      | Killed Gastronok
  8323 | D:8      | Reached ***** piety under Okawaru
  8323 | D:8      | Reached skill level 5 in Stealth
  8323 | D:8      | Reached skill level 5 in Charms
  8323 | D:8      | Reached XP level 11. HP: 38/66 MP: 12/14
  8750 | D:9      | Noticed a two-headed ogre
  8771 | D:9      | Killed a two-headed ogre
  9048 | D:9      | Reached skill level 5 in Invocations
  9335 | D:9      | Found a runed door.
  9341 | D:9      | Noticed motoroller71's ghost (novice GnFi)
  9396 | D:9      | Killed motoroller71's ghost
 10385 | D:9      | Reached ****** piety under Okawaru
 10817 | D:10     | Entered Level 10 of the Dungeon
 11200 | D:10     | Found a deep blue altar of Sif Muna.
 11784 | D:10     | Found a portal to a secret trove of treasure.
 12012 | D:11     | Received a gift from Okawaru
 12224 | D:11     | Found Rabae's Antique Armour Shop.
 12267 | D:11     | Reached skill level 5 in Ice Magic
 12292 | D:11     | Noticed an unseen horror
 12300 | D:11     | Found a radiant altar of Vehumet.
 12309 | D:11     | Reached XP level 12. HP: 61/71 MP: 10/16
 12312 | D:11     | Killed an unseen horror
 12312 | D:11     | Received a gift from Okawaru
 12312 | D:11     | Reached skill level 10 in Dodging
 12440 | D:11     | Found a staircase to the Lair.
 12457 | Lair:1   | Entered Level 1 of the Lair of Beasts
 12551 | D:11     | Noticed an unseen horror
 12607 | D:11     | Killed an unseen horror
 12773 | D:11     | Noticed a two-headed ogre
 12780 | D:11     | Killed a two-headed ogre
 14231 | Lair:1   | Noticed an eight-headed hydra
 14247 | Lair:1   | HP: 3/74 [eight-headed hydra (7)]
 14258 | Lair:1   | Killed an eight-headed hydra
 14892 | Lair:2   | Reached skill level 5 in Fighting
 15053 | Lair:1   | You fall through a shaft!
 15710 | Lair:2   | Noticed a six-headed hydra
 15907 | Lair:1   | Learned a level 6 spell: Invisibility
 15982 | Lair:2   | Reached XP level 13. HP: 74/81 MP: 15/18
 16391 | D:11     | Got a smoking crystal plate armour {god gift}
 16403 | D:11     | Identified the +4 crystal plate armour of Egegoidgh {Str+6} (Okawaru gifted it to you on level 11 of the Dungeon)
 16574 | Lair:2   | Killed a seven-headed hydra
 16574 | Lair:2   | Reached skill level 10 in Armour
 16887 | Lair:2   | Noticed an eight-headed hydra
 16909 | Lair:2   | Killed an eight-headed hydra
 17201 | Lair:3   | Noticed a seven-headed hydra
 17212 | Lair:3   | Killed a seven-headed hydra
 17213 | Lair:3   | Received a gift from Okawaru
 17218 | Lair:3   | Reached skill level 5 in Long Blades
 17227 | Lair:3   | Got a twisted quick blade {god gift}
 17228 | Lair:3   | Identified the +10 quick blade "Rinoudd" {protect, +Rage Str+4 Dex-2} (Okawaru gifted it to you on level 3 of the Lair of Beasts)
 17555 | Lair:3   | Found a staircase to the Snake Pit.
 17947 | Lair:3   | Noticed a four-headed hydra
 17957 | Lair:3   | Killed a four-headed hydra
 17957 | Lair:3   | Received a gift from Okawaru
 17958 | Lair:3   | Got a translucent scimitar {god gift}
 17959 | Lair:3   | Identified the +7 scimitar of an ice cave {pain, +Fly Str-2 Dex-2 SInv} (Okawaru gifted it to you on level 3 of the Lair of Beasts)
 18543 | Lair:4   | Noticed a four-headed hydra
 18559 | Lair:4   | Killed a 13-headed hydra
 18929 | Lair:4   | Found a staircase to the Swamp.
 19062 | Lair:4   | Reached XP level 14. HP: 86/88 MP: 19/19
 19137 | Lair:4   | Reached skill level 1 in Shields
 19491 | Lair:4   | Reached skill level 2 in Shields
 19814 | Lair:5   | Reached skill level 3 in Shields
 19879 | Lair:5   | Received a gift from Okawaru
 19943 | Lair:5   | Reached skill level 4 in Shields
 19983 | Lair:5   | Found a labyrinth entrance.
 20017 | Lab      | Entered a labyrinth
 20883 | Lab      | Noticed a minotaur
 20905 | Lab      | Killed a minotaur
 20907 | Lab      | Got a faintly glowing marble ring
 20908 | Lab      | Got a slimy plate armour
 20919 | Lab      | Identified the ring "Kywid" {rCorr +Inv rC+ Dex+3} (You took it off a minotaur in a labyrinth)
 21124 | Lair:5   | Reached skill level 5 in Shields
 21666 | Lair:5   | Noticed Josephine
 21700 | Lair:5   | Killed Josephine
 21700 | Lair:5   | Reached skill level 10 in Long Blades
 21706 | Lair:5   | Reached skill level 6 in Shields
 22472 | Lair:6   | Entered Level 6 of the Lair of Beasts
 22615 | Lair:6   | Found a staircase to the Slime Pits.
 22721 | Lair:6   | Reached skill level 7 in Shields
 23019 | Lair:6   | Received a gift from Okawaru
 23417 | Lair:6   | Reached XP level 15. HP: 94/94 MP: 14/20
 23463 | Lair:6   | Reached skill level 8 in Shields
 24043 | Lair:6   | Found a burning altar of Makhleb.
 24182 | Lair:6   | Found a gateway to Hell.
 24354 | Lair:6   | Reached skill level 9 in Shields
 24939 | D:12     | Identified a scroll of acquirement
 24951 | D:12     | Got a smoking scimitar
 24952 | D:12     | Identified the +4 scimitar "Cookie Cutter" {venom, *Drain rN+++ SInv Stlth+} (You acquired it on level 12 of the Dungeon)
 25758 | D:12     | Noticed Erolcha
 25760 | D:12     | Paralysed by Erolcha for 3 turns
 25773 | D:12     | Killed Erolcha
 25837 | D:12     | Received a gift from Okawaru
 25878 | D:12     | Found Vegeogu's Armour Emporium.
 25878 | D:12     | Found a staircase to the Orcish Mines.
 25889 | D:12     | Bought a +0 pair of boots of flying for 161 gold pieces
 26194 | Orc:1    | Entered Level 1 of the Orcish Mines
 26194 | Orc:1    | Found Kumin's Antique Weapon Boutique.
 26225 | Orc:1    | Reached skill level 10 in Shields
 26250 | Orc:1    | Noticed Urug
 26290 | Orc:1    | Killed Urug
 26320 | Orc:1    | Received a gift from Okawaru
 26588 | Orc:1    | Noticed Maurice
 26607 | Orc:1    | Killed Maurice
 27117 | Orc:2    | Entered Level 2 of the Orcish Mines
 27117 | Orc:2    | Found a staircase to the Elven Halls.
 27659 | Orc:2    | Found Pepeheup's Magic Scroll Shop.
 27662 | Orc:2    | Found Pofaurhe's Food Boutique.
 28130 | Orc:2    | Found Suduaghu's Antique Armour Shoppe.
 28142 | Orc:2    | Bought a pair of distressingly furry gloves for 285 gold pieces
 28142 | Orc:2    | Bought a heavily runed helmet for 285 gold pieces
 28152 | Orc:2    | Identified the cursed -1 pair of gloves of Liberty {Dex+4} (You bought it in a shop on level 2 of the Orcish Mines)
 28174 | Orc:2    | Identified the cursed -3 helmet of Hedge Wizardry {MR++} (You bought it in a shop on level 2 of the Orcish Mines)
 28236 | Orc:2    | Noticed a stone giant
 28251 | Orc:2    | Killed a stone giant
 28482 | Orc:2    | Bought a scroll of remove curse for 48 gold pieces
 28495 | Orc:2    | Gained mutation: You are weak. (Str -2) [potion of mutation]
 28496 | Orc:2    | Lost mutation: You are weak. (Str -2) [potion of mutation]
 28502 | Orc:2    | Reached XP level 16. HP: 102/104 MP: 21/21
 28565 | Orc:2    | Noticed Donald
 28608 | Orc:2    | Killed Donald
 29206 | Orc:2    | Reached skill level 11 in Shields
 29682 | Orc:2    | Paralysed by an orc sorcerer for 7 turns
 30197 | Orc:2    | Found Niq Joyrgh's Gadget Shoppe.
 30197 | Orc:2    | Found Juusiff's Antique Weapon Emporium.
 30197 | Orc:2    | Found a one-way gate leading to the halls of Pandemonium.
 30521 | D:13     | Received a gift from Okawaru
 31133 | D:13     | Reached skill level 12 in Shields
 31337 | D:14     | Found a frozen archway.
 31350 | IceCv    | Entered an ice cave
 32434 | IceCv    | Identified Nainnapp's Volume of Torrid Clay
 32690 | D:14     | Received a gift from Okawaru
 32849 | D:14     | Reached XP level 17. HP: 112/112 MP: 22/22
 32945 | D:14     | Reached skill level 13 in Shields
 33438 | D:14     | Received a gift from Okawaru
 33771 | D:14     | Got a dazzling short sword
 34032 | D:14     | Found a gate to the Vaults.
 34053 | D:15     | Entered Level 15 of the Dungeon
 34065 | D:15     | Received a gift from Okawaru
 34384 | D:15     | Found a staircase to the Depths.
 35275 | Swamp:1  | Entered Level 1 of the Swamp
 35330 | Swamp:1  | Reached skill level 14 in Shields
 35669 | Swamp:1  | Received a gift from Okawaru
 35673 | Swamp:1  | Got a twisted spear {god gift}
 36645 | Swamp:2  | Noticed Kirke
 36659 | Swamp:2  | Killed Kirke
 36659 | Swamp:2  | Reached skill level 10 in Fighting
 36734 | Swamp:2  | Reached XP level 18. HP: 89/120 MP: 23/23
 38056 | Swamp:2  | Received a gift from Okawaru
 38406 | Swamp:3  | Noticed a tentacled monstrosity
 38419 | Swamp:3  | Killed a tentacled monstrosity
 38495 | Swamp:2  | Reached skill level 15 in Shields
 39400 | Swamp:4  | Entered Level 4 of the Swamp
 40150 | Swamp:4  | Received a gift from Okawaru
 40410 | Swamp:4  | Got a decaying rune of Zot
 40567 | Swamp:4  | Reached skill level 16 in Shields
 40813 | Snake:1  | Entered Level 1 of the Snake Pit
 40836 | Snake:1  | Found Hischahue's Weapon Emporium.
 41168 | Snake:1  | Reached XP level 19. HP: 125/128 MP: 24/24
 42540 | Snake:2  | Noticed Saint Roka
 42556 | Snake:2  | Paralysed by an orc sorcerer for 2 turns
 42601 | Snake:2  | Killed Saint Roka
 43048 | Snake:2  | Received a gift from Okawaru
 43692 | Snake:3  | Received a gift from Okawaru
 44591 | Snake:3  | Reached skill level 17 in Shields
 44639 | Snake:3  | Found a shadowy altar of Dithmenos.
 45377 | Snake:3  | Noticed Aizul
 45398 | Snake:3  | Killed Aizul
 45738 | Snake:4  | Entered Level 4 of the Snake Pit
 46203 | Snake:4  | Noticed Louise
 46225 | Snake:4  | Killed Louise
 46299 | Snake:4  | Noticed Bai Suzhen
 46336 | Snake:4  | Killed Bai Suzhen
 46336 | Snake:4  | Received a gift from Okawaru
 46336 | Snake:4  | Reached XP level 20. HP: 96/136 MP: 17/25
 46604 | Snake:4  | Found a gateway to a bazaar.
 46613 | Bazaar   | Entered a bazaar
 46613 | Bazaar   | Found Udotu's General Store.
 46613 | Bazaar   | Found Tubbiacuem's Antique Armour Shop.
 46638 | Bazaar   | Found Adiufoz's Antique Weapon Shop.
 46682 | Bazaar   | Bought a scroll of acquirement for 624 gold pieces
 46683 | Bazaar   | Found the +2 pair of boots of the Assassin {Detection Stab+ Stlth++}
 48015 | Snake:4  | Reached skill level 18 in Shields
 48361 | Snake:4  | Got a serpentine rune of Zot
 48687 | Vaults:1 | Entered Level 1 of the Vaults
 48804 | Vaults:1 | Found a flickering gateway to a bazaar.
 48809 | Bazaar   | Entered a bazaar
 48809 | Bazaar   | Found Ilerr's Distillery.
 48809 | Bazaar   | Found Poodghima's Armour Emporium.
 48809 | Bazaar   | Found Boesin's Jewellery Emporium.
 48810 | Bazaar   | Found Iritut's Food Shoppe.
 48810 | Bazaar   | Found Plog's Weapon Shoppe.
 48874 | Vaults:1 | Received a gift from Okawaru
 48964 | Vaults:1 | Found a shimmering altar of Xom.
 49786 | Vaults:1 | You fall through a shaft!
 49995 | Vaults:2 | Received a gift from Okawaru
 50025 | Vaults:2 | Reached XP level 21. HP: 102/144 MP: 26/26
 50377 | Vaults:2 | Reached skill level 15 in Armour
 50532 | Vaults:2 | Reached skill level 19 in Shields
 52093 | Vaults:2 | Found a staircase to the Crypt.
 52415 | Vaults:3 | Reached skill level 15 in Dodging
 53096 | Vaults:3 | Received a gift from Okawaru
 53412 | Vaults:3 | Reached XP level 22. HP: 65/152 MP: 27/27
 53828 | Vaults:3 | Reached skill level 20 in Shields
 55140 | Vaults:3 | Received a gift from Okawaru
 56101 | Vaults:4 | Noticed Jory
 56122 | Vaults:4 | Killed Jory
 56391 | Vaults:4 | Got a transparent cloak
 56402 | Vaults:4 | Identified the -3 cloak of the Heron {*Slow rF+ rC++ Regen+} (You acquired it on level 4 of the Vaults)
 56997 | Vaults:5 | Entered Level 5 of the Vaults
 57240 | Vaults:4 | Reached XP level 23. HP: 127/160 MP: 28/28
 57299 | Vaults:5 | Reached skill level 21 in Shields
 57463 | Vaults:4 | Received a gift from Okawaru
 58425 | Vaults:5 | Got a heavily runed cloak
 58436 | Vaults:5 | Identified the +2 cloak of Afout {rN++} (You found it on level 5 of the Vaults)
 58439 | Vaults:5 | Got a glittering granite ring
 58441 | Vaults:5 | Identified the ring of Fixtef {rPois Int-3 Dex+2 Stlth+} (You found it on level 5 of the Vaults)
 58451 | Vaults:5 | Identified Adonot's Guide on Ice and the Voyage
 58454 | Vaults:5 | Identified the Incunabulum of Captivating Attacks
 58745 | Vaults:5 | Killed from afar by a titan

Vault maps used:
D:1:      mrwooster_arrival_statue, interstate_on_off, dk_noncrumbling_4
D:3:      marbit_many_paths, lemuel_doored_altar, overflow_temple_1_default,
          lemuel_coloured_pillars_altar, lemuel_round_altar
D:4:      minmay_temple_entry_from_below_a, first_ration, st_stairs_5,
          uniq_crazy_yiuf_cottage
D:5:      kennysheep_little_box, gammafunk_temple_overflow_claw, serial_shops,
          nicolae_shop_stone, minmay_misc_feat_ornament, sigmund_army
D:6:      yredelemnul_forgotten_temple_becter, minmay_misc_feat_diagonals,
          minmay_misc_feat_tiny, trog_three_pillars_becter
D:7:      nicolae_overflow_hidden_temple, serial_shops,
          nicolae_shop_behind_doors, grunt_ogre_cave, corexii_leaking_fountain
D:8:      makhleb_grotto_becter, uniq_gastronok, uniq_grum, uniq_pikel
D:9:      ebering_ghost_reflecting_pool
D:10:     kennysheep_big_flooded_room, basic_altar, enter_trove_6
D:11:     lair_entry_dummy, serial_shops, kennysheep_mini, basic_altar,
          minmay_misc_feat_plants
D:12:     orc_david_3, hangedman_abyss_or_decor_slice, uniq_erolcha
D:14:     hangedman_vaults_entry_quadrant_bands, hangedman_decor_lopped,
          portal_ice_cave_rime, hex_large, serial_bayou_pond_b,
          minmay_checkered_concentric_circles
D:15:     hangedman_depths_entry_civil_slaughter
Temple:   dpeg_chambers_temple
Lair:3:   guppyfry_snake_entry_island, nzn_random_ring, serial_bayou_shore_a
Lair:4:   swamp_mist_pool, grunt_forest_stairs_clearing
Lair:5:   lab_entry_generic, grunt_forest_stairs_basic, beast_lair_carwin_8,
          lemuel_fruit_fields, uniq_josephine
Lair:6:   evil_forest, slime_dummy, grunt_megastairs_4,
          infiniplex_staircase_pool
Swamp:1:  serial_swamp_ruin, evilmike_swamp_ruin_house_5,
          evilmike_swamp_ruin_house_4
Swamp:2:  evilmike_swamp_ruin_rubble_2, uniq_kirke
Swamp:3:  hangedman_swamp_lotus
Swamp:4:  swamp
Snake:1:  serial_shops, shop, nrook_guardian_serpent_double,
          serial_bayou_shore_b
Snake:2:  uniq_saint_roka
Snake:3:  basic_altar, nicolae_coiled_stairwell_up, uniq_aizul
Snake:4:  grunt_snake_rune_pools, serial_shops, bzr_entry_water, uniq_louise,
          uniq_bai_suzhen
Orc:1:    serial_shops, nicolae_shop_trees, uniq_urug, uniq_maurice
Orc:2:    pf_orc_diabolical, serial_shops, nicolae_shop_statue_plus, uniq_donald
Vaults:1: v_misc_12, ontoclasm_vaults_fault, grunt_vaults_hallway_long,
          nicolae_vaults_little_squares_2, nicolae_vaults_bisected_inception,
          v_pattern_1, v_rooms_2, hangedman_vaults_pinch,
          vaults_dpeg_encased_lava, nicolae_vaults_mini_display_case,
          vaults_room_grid, nicolae_vaults_yaktaur_gun_rack, basic_altar,
          serial_shops, bzr_entry_road
Vaults:2: ontoclasm_vaults_twist, v_alt_pattern_3, hangedman_vaults_nodes,
          minmay_crypt_entry_skeletal_spiral, nicolae_vaults_ring_of_whatevers,
          v_misc_24, nicolae_vaults_network_quinsquares, v_misc_14, st_squares,
          vaults_dpeg_ring, nicolae_vaults_big_angled_halls,
          vaults_room_grunt_arrival_ludios, vaults_mumra_lcd,
          vaults_room_fancy_cross, hangedman_vaults_stagger
Vaults:3: v_rooms_3, nicolae_vaults_hallways_thing, kb_rosetta, v_rooms_5,
          vaults_room_door_hall, ontoclasm_vaults_spin, v_misc_4,
          vaults_mumra_minichess_inversion, vaults_room_stairs_pillars
Vaults:4: st_spiral_rooms, hangedman_vaults_snaps, nicolae_vaults_shelves_hall,
          nicolae_vaults_asterisk, ontoclasm_vaults_loading_screen, uniq_jory
Lab:      labyrinth_watery
Bazaar:   bazaar_jpeg_cross, bazaar_jpeg_oval
IceCv:    ice_cave_caverns_01

Skill      XL: |  1  2  3  4  5  6  7  8  9 10 11 12 13 14 15 16 17 18 19 20 21 22 23 |
---------------+----------------------------------------------------------------------+-----
Short Blades   | 4 5 6 7 8 9 10 | 10.0
Dodging        | 4 5 6 8 9 11 12 13 14 15 16 | 16.5
Armour         | 1 2 4 6 7 8 9 11 12 13 14 15 16 | 16.8
Evocations     | 3 |  3.0
Charms         | 3 5 6 |  6.6
Invocations    | 2 4 6 7 |  7.0
Stealth        | 3 5 7 9 |  9.2
Ice Magic      | 3 5 |  5.0
Fighting       | 3 5 6 7 9 10 11 12 13 14 | 14.3
Long Blades    | 8 10 12 14 | 14.8
Shields        | 7 10 12 14 16 17 18 19 20 21 | 21.5

Action                   |  1- 3 |  4- 6 |  7- 9 | 10-12 | 13-15 | 16-18 | 19-21 | 22-24 || total
-------------------------+-------+-------+-------+-------+-------+-------+-------+-------++-------
Melee: Short sword       |    79 |   199 |   445 |       |       |       |       |       ||   723
       Rapier            |       |       |   101 |  1252 |   175 |       |       |       ||  1528
       Trident           |       |       |    37 |       |       |       |       |       ||    37
       Dagger            |       |       |    15 |       |       |       |       |       ||    15
       Punch             |       |       |       |    10 |       |       |       |       ||    10
       Quick blade       |       |       |       |       |   171 |       |       |       ||   171
       Scimitar          |       |       |       |       |  1380 |   257 |       |       ||  1637
       Falchion          |       |       |       |       |    58 |       |       |       ||    58
       Demon blade       |       |       |       |       |       |  1717 |  2009 |   950 ||  4676
 Cast: Ozocubu's Armour  |       |       |       |     1 |       |       |       |       ||     1
Invok: Heroism           |       |       |       |    11 |    19 |     8 |    14 |     4 ||    56
       Finesse           |       |       |       |     2 |     8 |     4 |     2 |     2 ||    18
  Use: Scroll            |     4 |     4 |    16 |     6 |    11 |     7 |     3 |     6 ||    57
       Potion            |       |       |       |     3 |     3 |     3 |       |     1 ||    10
 Stab: Sleeping          |     1 |     2 |     4 |    15 |       |       |       |       ||    22
       Distracted        |       |       |       |     3 |       |       |       |       ||     3
  Eat: Chunk             |     1 |     6 |    11 |    21 |    32 |    26 |    27 |    18 ||   142
       Ration            |       |       |     1 |     2 |     3 |     5 |     4 |       ||    15
Armor: Robe              |     5 |       |       |       |       |       |       |       ||     5
       Ring mail         |    18 |    38 |    73 |    98 |       |       |       |       ||   227
       Leather armour    |       |       |       |    64 |     5 |       |       |       ||    69
       Crystal plate arm |       |       |       |       |   820 |   646 |   470 |   254 ||  2190
Dodge: Dodged            |    53 |   162 |   358 |   950 |  1045 |   654 |   705 |   393 ||  4320
       Deflected         |       |       |       |       |    11 |    16 |    48 |    13 ||    88
Block: Buckler           |       |       |       |       |   485 |    10 |       |       ||   495
       Shield            |       |       |       |       |       |  1103 |  1493 |   822 ||  3418
       Reflection        |       |       |       |       |       |    50 |   127 |    75 ||   252
       Rpst.: Scimitar   |       |       |       |       |   185 |    14 |       |       ||   199
       Falchion          |       |       |       |       |    16 |       |       |       ||    16
       Demon blade       |       |       |       |       |       |   112 |   123 |    83 ||   318

Table legend:
 A = Spawn XP
 B = Non-spawn XP
 C = Spawn XP percentage of total XP
 D = Spawn monster count
 E = Non-spawn monster count
 F = Spawn count percentage of total count
 G = Total turns spent on level
                    A         B        C        D         E        F      G
               +---------+---------+-------+---------+---------+-------+---------
         Total |       0 |  648278 |   0.0 |       0 |    1565 |   0.0 | 58745
               +---------+---------+-------+---------+---------+-------+---------
           D:1 |       0 |      11 |   0.0 |       0 |       6 |   0.0 |   578
           D:2 |       0 |     192 |   0.0 |       0 |      21 |   0.0 |  1147
           D:3 |       0 |     132 |   0.0 |       0 |      18 |   0.0 |  1236
           D:4 |       0 |    1036 |   0.0 |       0 |      28 |   0.0 |  1259
           D:5 |       0 |    1000 |   0.0 |       0 |      32 |   0.0 |   979
           D:6 |       0 |     252 |   0.0 |       0 |       7 |   0.0 |   711
           D:7 |       0 |    1237 |   0.0 |       0 |      21 |   0.0 |  1272
           D:8 |       0 |    4267 |   0.0 |       0 |      26 |   0.0 |  1213
           D:9 |       0 |    5100 |   0.0 |       0 |      37 |   0.0 |  2167
          D:10 |       0 |    1542 |   0.0 |       0 |      15 |   0.0 |  1135
          D:11 |       0 |    4179 |   0.0 |       0 |      21 |   0.0 |  1093
          D:12 |       0 |    7321 |   0.0 |       0 |      35 |   0.0 |  1321
          D:13 |       0 |    8482 |   0.0 |       0 |      29 |   0.0 |  1070
          D:14 |       0 |   24515 |   0.0 |       0 |      67 |   0.0 |  1482
          D:15 |       0 |   11935 |   0.0 |       0 |      25 |   0.0 |  1056
        Lair:1 |       0 |    6273 |   0.0 |       0 |      23 |   0.0 |  3032
        Lair:2 |       0 |    5436 |   0.0 |       0 |      18 |   0.0 |  1137
        Lair:3 |       0 |   11272 |   0.0 |       0 |      42 |   0.0 |  1398
        Lair:4 |       0 |    6356 |   0.0 |       0 |      22 |   0.0 |  1413
        Lair:5 |       0 |   15712 |   0.0 |       0 |      55 |   0.0 |  1617
        Lair:6 |       0 |   21419 |   0.0 |       0 |      52 |   0.0 |  2373
       Swamp:1 |       0 |   15921 |   0.0 |       0 |      40 |   0.0 |  1638
       Swamp:2 |       0 |   20443 |   0.0 |       0 |      67 |   0.0 |  1753
       Swamp:3 |       0 |   12327 |   0.0 |       0 |      32 |   0.0 |   973
       Swamp:4 |       0 |   30934 |   0.0 |       0 |      47 |   0.0 |  1129
       Snake:1 |       0 |    7410 |   0.0 |       0 |      16 |   0.0 |  1239
       Snake:2 |       0 |   24725 |   0.0 |       0 |      41 |   0.0 |  1647
       Snake:3 |       0 |   30886 |   0.0 |       0 |      55 |   0.0 |  2118
       Snake:4 |       0 |   50689 |   0.0 |       0 |      71 |   0.0 |  2654
         Orc:1 |       0 |    7181 |   0.0 |       0 |      54 |   0.0 |  1463
         Orc:2 |       0 |   23101 |   0.0 |       0 |      89 |   0.0 |  2632
      Vaults:1 |       0 |   21182 |   0.0 |       0 |      41 |   0.0 |  1077
      Vaults:2 |       0 |   65068 |   0.0 |       0 |     110 |   0.0 |  2586
      Vaults:3 |       0 |   72503 |   0.0 |       0 |     115 |   0.0 |  3007
      Vaults:4 |       0 |   74992 |   0.0 |       0 |      97 |   0.0 |  2706
      Vaults:5 |       0 |   38123 |   0.0 |       0 |      34 |   0.0 |   660
           Lab |       0 |    1208 |   0.0 |       0 |       1 |   0.0 |  1096
         IceCv |       0 |   13916 |   0.0 |       0 |      55 |   0.0 |  1293
               +---------+---------+-------+---------+---------+-------+---------
